 Dungeon Crawl Stone Soup version 0.18-a0-1323-g706dcef (webtiles) character file.

331909 Duffy the Eclecticist (level 20, 125/125 HPs)
             Began as a Deep Elf Fire Elementalist on Feb 15, 2016.
             Was the Champion of Sif Muna.
             Quit the game on level 1 of the Vaults.
             The game lasted 03:08:08 (66881 turns).

Duffy the Eclecticist (Deep Elf Fire Elementalist) Turns: 66881, Time: 03:08:08

Health: 125/125    AC: 14    Str:  5    XL:     20   Next: 88%
Magic:  64/64      EV: 25    Int: 30    God:    Sif Muna [******]
Gold:   2337       SH:  0    Dex: 15    Spells: 12 memorised, 12 levels left

rFire  . . .     SeeInvis .     T - staff of conjuration {!a}
rCold  . . .     Gourm    .     m - +2 robe {Archmagi}
rNeg   . . .     Faith    .     (no shield)
rPois  .         Spirit   .     R - +0 helmet
rElec  .         Dismiss  .     G - +2 cloak {MR+}
rCorr  .         Reflect  .     a - +2 pair of gloves
SustAt .         Harm     .     o - +2 pair of boots {Stlth+}
MR     +++..                    h - amulet of regeneration
Stlth  ++++......               x - ring of magical power
                                M - ring of magical power

@: deflect missiles, extremely resistant to hostile enchantments, stealthy
A: hooves 1
a: Channel Energy, Forget Spell, Renounce Religion
}: 2/15 runes: decaying, serpentine


You were on level 1 of the Vaults.
You worshipped Sif Muna.
Sif Muna was exalted by your worship.
You were not hungry.

You visited 8 branches of the dungeon, and saw 38 of its levels.
You also visited: Bailey, Ice Cave and Volcano.

You collected 5060 gold pieces.
You spent 2723 gold pieces at shops.


Innate Abilities, Weirdness & Mutations

You have large cloven feet.


   Skills:
 - Level 13.4 Fighting
 - Level 18.5 Dodging
 - Level 5.0 Stealth
 - Level 20.0 Spellcasting
 - Level 17.4 Conjurations
 - Level 10.2 Charms
 - Level 2.8 Necromancy
 - Level 2.5 Translocations
 + Level 14.4 Fire Magic
 - Level 2.4 Air Magic
 - Level 8.5 Poison Magic
 - Level 14.0 Invocations


You had 12 spell levels left.
You knew the following spells:

 Your Spells              Type           Power        Failure   Level  Hunger
a - Flame Tongue          Conj/Fire      #####        0%          1    None
c - Iskenderun's Mystic   Conj           ########     0%          4    None
h - Bolt of Fire          Conj/Fire      ########..   1%          6    None
i - Iskenderun's Battles  Conj/Chrm      ########     1%          5    None
j - Poison Arrow          Conj/Pois      ########..   1%          6    None
k - Fireball              Conj/Fire      ########..   1%          5    None
m - Deflect Missiles      Chrm/Air       #######...   17%         6    None
r - Regeneration          Chrm/Necr      #######...   1%          3    None
t - Summon Butterflies    Summ           #####...     1%          1    None
B - Blink                 Tloc           N/A          1%          2    None
H - Haste                 Chrm           #######.     3%          6    None
W - Swiftness             Chrm/Air       #######.     1%          2    None

Inventory:

Missiles
 J - 4 throwing nets (quivered)
Armour
 a - a +2 pair of gloves (worn)
 m - a +2 robe of the Archmagi (worn)
 o - a +2 pair of boots of stealth (worn)
 G - a +2 cloak of magic resistance (worn)
 R - a +0 helmet (worn)
Magical Staves
 T - an uncursed staff of conjuration (weapon) {!a}
 W - an uncursed staff of fire {!a}
Jewellery
 h - an amulet of regeneration (around neck)
 s - an uncursed ring of protection from cold
 x - a ring of magical power (right hand)
 y - an uncursed ring of see invisible
 E - an uncursed ring of positive energy
 M - a ring of magical power (left hand)
 O - an uncursed ring of wizardry
 Q - an uncursed ring of resist corrosion
 U - the ring of Ycan {rPois rF+ Dex+3}

   [ring of protection from fire]

   It affects your dexterity (+3).
   It protects you from fire.
   It protects you from poison.
 X - an uncursed ring of protection from fire
Wands
 q - a wand of digging (12/24)
 D - a wand of heal wounds (6/9)
 L - a wand of teleportation (7/9)
 P - a wand of acid (10/15)
Scrolls
 d - 2 scrolls of fog
 j - 3 scrolls of enchant armour
 k - 6 scrolls of fear
 l - 4 scrolls of blinking
 n - 14 scrolls of remove curse
 t - 4 scrolls of amnesia
 v - 7 scrolls of recharging
 z - 6 scrolls of magic mapping
 B - 9 scrolls of teleportation
 Z - 3 scrolls of holy word
Potions
 e - a potion of invisibility
 f - 4 potions of cancellation
 p - 16 potions of curing
 u - 7 potions of flight
 w - 2 potions of haste
 A - 2 potions of heal wounds
 C - 4 potions of agility
 F - 8 potions of brilliance
 K - 2 potions of magic
 N - 3 potions of resistance
 V - 2 potions of cure mutation
Books
 b - Sif Muna's Handbook of Conjuration and the Volcanoes

   Spells                             Type                      Level
   a - Magic Dart                     Conjuration                  1
   b - Conjure Flame                  Conjuration/Fire             3
   c - Mephitic Cloud                 Conjuration/Poison/Air       3
   d - Force Lance                    Conjuration/Translocation    4
   e - Fire Storm                     Conjuration/Fire             9
 H - Sumoumapp's Incunabulum of Boosts and Dislocation

   Spells                             Type                      Level
   a - Infusion                       Charms                       1
   b - Shroud of Golubria             Charms/Translocation         2
   c - Song of Slaying                Charms                       2
   d - Warp Weapon                    Charms/Translocation         5
   e - Death's Door                   Charms/Necromancy            8
Miscellaneous
 r - a legendary deck of changes {the Shadow}
 Y - a phial of floods
Comestibles
 c - 22 bread rations
 g - 4 chunks of flesh
 i - 17 meat rations
 I - 3 royal jellies

Dungeon Overview and Level Annotations

Branches:
Dungeon (15/15)            Temple (1/1) D:7            Lair (8/8) D:11
  Swamp (4/4) Lair:6        Snake (4/4) Lair:5        Slime (0/6) Lair:7
    Orc (2/2) D:12            Elf (3/3) Orc:2        Vaults (1/5) D:14
 Depths (0/5) D:15

Altars:
Ashenzari
Cheibriados
Dithmenos
Elyvilon
Fedhas
Gozag
Kikubaaqudgha
Makhleb
Nemelex Xobeh
Okawaru
Pakellas
Qazlal
Ru
Sif Muna
Trog
Vehumet
Xom
Yredelemnul
Zin
The Shining One
Beogh
Jiyva

Shops:
D:6 *   D:11 ::%*   D:13 !   D:15 *   Orc:2 %([!}   Elf:2 [   Elf:3 :=}
Snake:2 (

Annotations:
Lair:7 1 runed door
Elf:2 2 runed doors


Message History

The bolt of fire hits the redback zombie.
The redback zombie barely misses you.
Cast which spell? (? or * to list)
Aiming: Bolt of Fire
Press: ? - help, Shift-Dir - straight line, f/p - redback zombie
Aim: a redback zombie You feel a strong surge of power!
The bolt of fire hits the redback zombie.
You destroy the redback zombie!
The necromancer casts a spell at you. You resist with almost no effort.
Cast which spell? (? or * to list)
Aiming: Bolt of Fire
Press: ? - help, Shift-Dir - straight line, f - necromancer
Aim: a necromancer, wielding a dagger and wearing a robe You feel a strong surge of power!
The bolt of fire misses the necromancer.
Cast which spell? (? or * to list)
Aiming: Bolt of Fire
Press: ? - help, Shift-Dir - straight line, f/p - necromancer
Aim: a necromancer, wielding a dagger and wearing a robe You feel a strong surge of power!
The bolt of fire hits the necromancer.
You kill the necromancer!
Things that are here:
a dagger; a robe; a human corpse You butcher the human corpse.
g - 10 chunks of flesh (gained 4)
Things that are here:
a dagger; a robe; a human skeleton Some of the chunks of flesh in your inventory have rotted away.
Done exploring.
Done exploring.
Done exploring.
Done exploring.
Are you sure you want to abandon this character and quit the game? (Confirm with "yes".)

.)..#######.#..#...#..#.# #.....
.........###'###...'#########'###
.#.......##.#..#.8.#..#.#........
.........##.#..#...#..#.'........
###......###'#########'##........
#......##.#..#...'..#.'(.......
#......#########'######........
#......#...........# #........
#......#......@....# #........
########...........# #........
#...........# #........
#...........# #........
#...........# #(.......
#...........# #........
#...........# #........
##########################'######
.................................


There were no monsters in sight!

Action                   |  1- 3 |  4- 6 |  7- 9 | 10-12 | 13-15 | 16-18 | 19-21 || total
-------------------------+-------+-------+-------+-------+-------+-------+-------++-------
Melee: Flail             |       |       |    19 |    20 |       |       |       ||    39
       Whip              |       |       |       |     8 |       |       |       ||     8
 Cast: Flame Tongue      |    80 |    72 |   268 |   575 |   720 |   405 |    13 ||  2133
       Conjure Flame     |     1 |     2 |    26 |    31 |     9 |     1 |       ||    70
       Sticky Flame      |       |     2 |    13 |    51 |    44 |       |       ||   110
       Repel Missiles    |       |       |     1 |       |     1 |     1 |       ||     3
       Fireball          |       |       |       |    45 |    97 |   133 |   155 ||   430
       Blink             |       |       |       |    11 |    32 |    20 |       ||    63
       Iskenderun's Batt |       |       |       |    31 |   232 |   174 |    45 ||   482
       Iskenderun's Myst |       |       |       |    11 |   312 |    77 |    71 ||   471
       Poison Arrow      |       |       |       |       |     2 |    91 |    69 ||   162
       Regeneration      |       |       |       |       |     2 |     7 |     4 ||    13
       Bolt of Magma     |       |       |       |       |       |   180 |     5 ||   185
       Haste             |       |       |       |       |       |     6 |     8 ||    14
       Deflect Missiles  |       |       |       |       |       |     5 |     5 ||    10
       Bolt of Fire      |       |       |       |       |       |       |    74 ||    74
Invok: Channel Energy    |       |       |     7 |    25 |   406 |    70 |   218 ||   726
Evoke: Wand              |       |       |       |     9 |       |       |       ||     9
  Use: Scroll            |     1 |     7 |     8 |    12 |    12 |    17 |    13 ||    70
       Potion            |       |       |       |     3 |     1 |     4 |     2 ||    10
  Eat: Chunk             |     3 |     7 |    17 |    36 |   105 |    23 |    34 ||   225
       Fruit             |       |       |     2 |       |     2 |    29 |       ||    33
       Beef jerky        |       |       |       |     4 |       |     3 |       ||     7
       Bread ration      |       |       |       |     2 |       |     1 |       ||     3
       Royal jelly       |       |       |       |     2 |     6 |     6 |    14 ||    28
       Pizza             |       |       |       |       |     1 |     2 |     1 ||     4

Notes
Turn   | Place    | Note
--------------------------------------------------------------
     0 | D:1      | Duffy the Deep Elf Fire Elementalist began the quest for the Orb.
     0 | D:1      | Reached XP level 1. HP: 10/10 MP: 6/6
   286 | D:1      | Reached skill level 1 in Fighting
   286 | D:1      | Reached XP level 2. HP: 14/16 MP: 6/8
   788 | D:2      | Reached skill level 2 in Conjurations
   828 | D:2      | Reached XP level 3. HP: 20/20 MP: 5/9
   866 | D:2      | Found a deep blue altar of Sif Muna.
   872 | D:2      | Learned a level 3 spell: Conjure Flame
   875 | D:2      | Became a worshipper of Sif Muna the Loreminder
  1556 | D:2      | Reached skill level 2 in Fighting
  1810 | D:3      | Reached skill level 3 in Conjurations
  1810 | D:3      | Reached XP level 4. HP: 26/26 MP: 7/10
  1817 | D:3      | Learned a level 4 spell: Sticky Flame
  1963 | D:3      | Noticed Jessica
  2003 | D:3      | Killed Jessica
  2655 | D:3      | Noticed Terence
  2668 | D:3      | Killed Terence
  2669 | D:3      | Reached XP level 5. HP: 28/30 MP: 1/12
  2982 | D:3      | Noticed Crazy Yiuf
  2988 | D:3      | Killed Crazy Yiuf
  2988 | D:3      | Reached skill level 4 in Fire Magic
  3460 | D:4      | Reached skill level 4 in Conjurations
  3680 | D:4      | Noticed Edmund
  3750 | D:4      | Killed Edmund
  3750 | D:4      | Reached * piety under Sif Muna
  3750 | D:4      | Reached skill level 4 in Spellcasting
  3750 | D:4      | Reached skill level 5 in Fire Magic
  3750 | D:4      | Reached XP level 6. HP: 24/35 MP: 2/14
  3958 | D:4      | Noticed Menkaure
  3961 | D:4      | Killed Menkaure
  3961 | D:4      | Reached skill level 5 in Conjurations
  4181 | D:5      | Entered Level 5 of the Dungeon
  4191 | D:5      | Reached XP level 7. HP: 38/40 MP: 2/15
  4425 | D:5      | Learned a level 5 spell: Fireball
  4903 | D:5      | Found an ancient bone altar of Kikubaaqudgha.
  4918 | D:5      | Noticed Grinder
  4922 | D:5      | Killed Grinder
  4922 | D:5      | Reached ** piety under Sif Muna
  4922 | D:5      | Reached skill level 5 in Spellcasting
  4922 | D:5      | Reached skill level 6 in Conjurations
  4922 | D:5      | Reached skill level 6 in Fire Magic
  5004 | D:6      | Found a basalt altar of Yredelemnul.
  5513 | D:6      | Reached XP level 8. HP: 44/44 MP: 3/18
  5685 | D:6      | Found Ygrunt's Assorted Antiques.
  5693 | D:6      | Bought a scroll labeled KOIKAI PURUTHO for 21 gold pieces
  5888 | D:7      | Reached skill level 7 in Fire Magic
  5933 | D:7      | Reached skill level 7 in Conjurations
  5998 | D:7      | Found an oddly glowing altar of Pakellas.
  6000 | D:7      | Found an iron altar of Okawaru.
  6078 | D:7      | Reached skill level 3 in Dodging
  6403 | D:7      | Reached skill level 3 in Fighting
  6403 | D:7      | Reached skill level 4 in Dodging
  6579 | D:7      | Found a staircase to the Ecumenical Temple.
  6584 | Temple   | Entered the Ecumenical Temple
  7220 | D:8      | Reached skill level 5 in Dodging
  7445 | D:8      | Learned a level 2 spell: Blink
  7448 | D:8      | Learned a level 2 spell: Repel Missiles
  7601 | D:8      | Reached skill level 4 in Fighting
  7657 | D:8      | Found a sparkling altar of Nemelex Xobeh.
  7663 | D:8      | Found a stormy altar of Qazlal.
  7760 | D:8      | Reached XP level 9. HP: 52/52 MP: 16/19
  7935 | D:8      | Reached skill level 6 in Dodging
  8215 | D:9      | Reached skill level 1 in Invocations
  8530 | D:9      | Reached skill level 2 in Invocations
  8803 | D:9      | Reached *** piety under Sif Muna
  8803 | D:9      | Reached skill level 3 in Invocations
  8811 | D:9      | Reached skill level 4 in Invocations
  8955 | D:9      | Reached skill level 8 in Conjurations
  8997 | D:9      | Reached skill level 8 in Fire Magic
  8997 | D:9      | Reached skill level 5 in Invocations
  9089 | D:9      | Noticed a troll
  9108 | D:9      | Killed a troll
  9287 | D:9      | Reached XP level 10. HP: 43/58 MP: 20/20
  9377 | D:9      | Reached skill level 6 in Invocations
  9681 | D:9      | Found an opulent altar of Gozag.
  9681 | D:9      | Found a glowing silver altar of Zin.
  9905 | D:10     | Entered Level 10 of the Dungeon
 10508 | D:10     | Noticed a hill giant
 10528 | D:10     | Killed a hill giant
 10528 | D:10     | Reached skill level 9 in Conjurations
 10528 | D:10     | Reached skill level 7 in Invocations
 10803 | D:10     | Got a crystal whip {elec}
 10804 | D:10     | Identified the +4 whip of Kiloxt {elec, +Blink rF+} (You took it off an orc on level 10 of the Dungeon)
 10851 | D:10     | Reached skill level 1 in Translocations
 11184 | D:4      | Reached skill level 2 in Translocations
 11328 | D:4      | Reached **** piety under Sif Muna
 11417 | D:4      | Reached skill level 6 in Spellcasting
 11612 | D:4      | Reached skill level 1 in Charms
 11627 | D:4      | Reached skill level 1 in Air Magic
 11655 | D:4      | Reached skill level 2 in Charms
 12079 | D:11     | Found a staircase to the Lair.
 12089 | D:11     | Found Xaulylef's General Store.
 12108 | D:11     | Reached skill level 2 in Air Magic
 12162 | D:11     | Found Dugin's Book Boutique.
 12233 | D:11     | Found a frozen archway.
 12257 | D:11     | Identified A Primer on Witchery (You found it on level 11 of the Dungeon)
 12268 | D:11     | Noticed a purple ugly thing
 12279 | D:11     | Killed a purple ugly thing
 12279 | D:11     | Reached skill level 9 in Fire Magic
 12408 | IceCv    | Entered an ice cave
 12452 | IceCv    | Reached ***** piety under Sif Muna
 12506 | IceCv    | Noticed an ice statue
 12506 | IceCv    | Noticed an ice statue
 12662 | IceCv    | Killed an ice statue
 12662 | IceCv    | Reached skill level 7 in Spellcasting
 12722 | IceCv    | Killed an ice statue
 12722 | IceCv    | Reached skill level 8 in Invocations
 12722 | IceCv    | Reached XP level 11. HP: 62/62 MP: 16/23
 12904 | IceCv    | Noticed a necromancer
 12910 | IceCv    | Killed a necromancer
 13275 | D:11     | Gained mutation: You have large cloven feet. [potion of beneficial mutation]
 13466 | D:11     | Noticed a purple ugly thing
 13496 | D:11     | Killed a purple ugly thing
 13649 | D:11     | Found Moaty's Food Shop.
 13659 | D:11     | Found Doess's Book Shoppe.
 13669 | D:11     | Found Dibbo's General Store.
 13894 | D:11     | Noticed glosham's ghost (journeyman KoMo)
 14007 | D:11     | Reached skill level 10 in Fire Magic
 14073 | D:11     | Killed glosham's ghost
 14073 | D:11     | Reached skill level 10 in Conjurations
 14213 | D:11     | Reached skill level 8 in Spellcasting
 14730 | Lair:1   | Entered Level 1 of the Lair of Beasts
 14784 | Lair:1   | Noticed Fannar
 14800 | Lair:1   | Killed Fannar
 14800 | Lair:1   | Reached skill level 5 in Fighting
 14801 | Lair:1   | Reached skill level 9 in Spellcasting
 15084 | Lair:1   | Noticed an oklob plant
 15268 | Lair:1   | Reached ****** piety under Sif Muna
 15401 | Lair:1   | Learned a level 2 spell: Swiftness
 15403 | Lair:1   | Learned a level 1 spell: Summon Butterflies
 15561 | Lair:1   | Reached skill level 6 in Fighting
 15931 | Lair:2   | Received a gift from Sif Muna
 15957 | Lair:2   | Reached skill level 10 in Spellcasting
 16016 | Lair:2   | Identified Sif Muna's Grimoire of Attacks and Air (Sif Muna gifted it to you on level 2 of the Lair of Beasts)
 16377 | Lair:2   | Noticed a six-headed hydra
 16393 | Lair:2   | Killed a six-headed hydra
 16704 | Lair:2   | Reached XP level 12. HP: 69/71 MP: 27/28
 16807 | Lair:2   | Noticed Harold
 16812 | Lair:2   | Killed Harold
 16812 | Lair:2   | Reached skill level 11 in Spellcasting
 16913 | Lair:2   | Reached skill level 7 in Fighting
 17879 | Lair:3   | Learned a level 5 spell: Iskenderun's Battlesphere
 17981 | Lair:3   | Reached skill level 3 in Charms
 17983 | Lair:3   | Reached skill level 7 in Dodging
 18155 | Lair:4   | Reached skill level 4 in Charms
 18450 | Lair:4   | Reached skill level 5 in Charms
 18546 | Lair:4   | Reached skill level 8 in Dodging
 18554 | Lair:4   | Reached skill level 6 in Charms
 18999 | Lair:4   | Reached skill level 7 in Charms
 19079 | Lair:4   | Reached skill level 9 in Dodging
 19370 | Lair:4   | Reached skill level 8 in Charms
 19882 | Lair:4   | Reached skill level 10 in Dodging
 19971 | Lair:5   | Found a dark tunnel.
 20038 | Volcano  | Entered a volcano
 20242 | Volcano  | Learned a level 4 spell: Iskenderun's Mystic Blast
 20495 | Volcano  | Reached XP level 13. HP: 76/76 MP: 30/30
 20663 | Lair:5   | Reached skill level 11 in Dodging
 21233 | Lair:5   | Found a staircase to the Snake Pit.
 21251 | Lair:5   | Reached skill level 12 in Dodging
 21590 | Lair:5   | Reached skill level 12 in Spellcasting
 21808 | Lair:5   | Received a gift from Sif Muna
 21855 | Lair:5   | Identified Lee's Tome of Dusty Conjuration (Sif Muna gifted it to you on level 5 of the Lair of Beasts)
 22722 | Lair:5   | Reached skill level 13 in Spellcasting
 22893 | Lair:6   | Found a staircase to the Swamp.
 23335 | Lair:5   | Reached skill level 14 in Spellcasting
 24267 | Lair:6   | Noticed YrmMerkstave's ghost (journeyman MiFi)
 24563 | Lair:7   | Reached skill level 15 in Spellcasting
 25123 | Lair:7   | Received a gift from Sif Muna
 25169 | Lair:7   | Identified Sif Muna's Second Course in Theurgy (Sif Muna gifted it to you on level 7 of the Lair of Beasts)
 25178 | Lair:7   | Found a runed door.
 25179 | Lair:7   | Found a viscous altar of Jiyva.
 25179 | Lair:7   | Found a staircase to the Slime Pits.
 25180 | Lair:7   | Noticed an acid blob
 25616 | Lair:7   | Reached skill level 16 in Spellcasting
 25951 | Lair:8   | Entered Level 8 of the Lair of Beasts
 26252 | Lair:8   | Reached XP level 14. HP: 58/82 MP: 28/36
 26597 | Lair:8   | Reached skill level 17 in Spellcasting
 27377 | Lair:8   | Reached skill level 11 in Conjurations
 27428 | Lair:8   | Reached skill level 8 in Fighting
 28468 | Lair:8   | Received a gift from Sif Muna
 28471 | Lair:8   | Identified Sif Muna's Disquisition on Evil Rites and Augmentations (Sif Muna gifted it to you on level 8 of the Lair of Beasts)
 28484 | Lair:8   | Learned a level 3 spell: Regeneration
 28528 | Lair:8   | Reached skill level 12 in Conjurations
 28590 | Lair:8   | Reached skill level 1 in Necromancy
 28665 | Lair:8   | Reached skill level 2 in Necromancy
 28784 | Lair:8   | Reached skill level 9 in Fighting
 29610 | Lair:8   | Reached XP level 15. HP: 90/92 MP: 37/38
 30571 | D:11     | Reached skill level 10 in Fighting
 30679 | D:11     | Reached skill level 13 in Conjurations
 31555 | D:12     | Found a staircase to the Orcish Mines.
 32484 | Orc:1    | Entered Level 1 of the Orcish Mines
 33414 | Orc:2    | Entered Level 2 of the Orcish Mines
 33414 | Orc:2    | Found Yriron's Gadget Shop.
 33690 | Orc:2    | Found a roughly hewn altar of Beogh.
 33695 | Orc:2    | Reached skill level 14 in Conjurations
 33923 | Orc:2    | Found a roughly hewn altar of Beogh.
 33978 | Orc:2    | Found a roughly hewn altar of Beogh.
 34042 | Orc:2    | Found a roughly hewn altar of Beogh.
 34052 | Orc:2    | Found Hionix's Distillery.
 34103 | Orc:2    | Found a staircase to the Elven Halls.
 34180 | Orc:2    | Found a roughly hewn altar of Beogh.
 34230 | Orc:2    | Found a roughly hewn altar of Beogh.
 34244 | Orc:2    | Found Niaroext's Food Boutique.
 34521 | Orc:2    | Noticed an orc warlord
 34531 | Orc:2    | Killed an orc warlord
 34719 | Orc:2    | Received a gift from Sif Muna
 34720 | Orc:2    | Identified Meongaq's Collected Works on Combat Magic (Sif Muna gifted it to you on level 2 of the Orcish Mines)
 34873 | Orc:1    | Learned a level 6 spell: Poison Arrow
 34907 | Orc:2    | Reached skill level 1 in Poison Magic
 34979 | Orc:2    | Found a roughly hewn altar of Beogh.
 34979 | Orc:2    | Found Joitzuas's Antique Weapon Shop.
 34985 | Orc:2    | Found Uliblo's Antique Armour Boutique.
 35004 | Orc:2    | Bought a glowing robe for 16 gold pieces
 35507 | D:13     | Found Ocutyune's Distillery.
 35614 | D:13     | Reached skill level 2 in Poison Magic
 35844 | D:13     | Noticed Azrael
 35848 | D:13     | Killed Azrael
 35848 | D:13     | Reached skill level 3 in Poison Magic
 36853 | D:13     | Reached skill level 9 in Invocations
 36995 | D:13     | Reached skill level 4 in Poison Magic
 37402 | D:14     | Found a flagged portal.
 37430 | Bailey   | Entered a bailey
 37483 | Bailey   | Found an iron altar of Okawaru.
 37496 | Bailey   | Reached skill level 5 in Poison Magic
 37789 | Bailey   | Got a sheer robe
 38126 | Bailey   | Identified the cursed +1 robe "Capp" {Dex+9} (You found it in a bailey)
 38372 | D:14     | Noticed anything's ghost (journeyman OpHu)
 38390 | D:14     | Killed anything's ghost
 38390 | D:14     | Reached skill level 6 in Poison Magic
 38492 | D:14     | Found a glowing silver altar of Zin.
 38966 | D:14     | Reached skill level 7 in Poison Magic
 38970 | D:14     | Found a gate to the Vaults.
 39237 | D:15     | Entered Level 15 of the Dungeon
 39416 | D:15     | Found Xianeal's Blood Bar.
 39460 | D:15     | Reached XP level 16. HP: 97/97 MP: 39/39
 39539 | D:15     | Reached skill level 8 in Poison Magic
 40090 | D:15     | Reached skill level 15 in Conjurations
 40383 | D:15     | Received a gift from Sif Muna
 40386 | D:15     | Identified Sif Muna's Handbook of Blistering Arcane Weapons (Sif Muna gifted it to you on level 15 of the Dungeon)
 40392 | D:15     | Found a staircase to the Depths.
 40526 | D:15     | Learned a level 5 spell: Bolt of Magma
 40690 | D:15     | Reached skill level 3 in Stealth
 40875 | D:15     | Reached skill level 4 in Stealth
 41025 | D:15     | Reached skill level 5 in Stealth
 41558 | D:11     | Bought a book of Enchantments for 750 gold pieces
 41566 | D:11     | Learned a level 6 spell: Haste
 41575 | D:11     | Learned a level 6 spell: Deflect Missiles
 41890 | Lair:1   | Reached skill level 9 in Charms
 42679 | Lair:6   | Killed YrmMerkstave's ghost
 42679 | Lair:6   | Reached skill level 10 in Charms
 42995 | Orc:2    | Bought a potion of brilliance for 60 gold pieces
 42995 | Orc:2    | Bought 2 potions of cancellation for 240 gold pieces
 42995 | Orc:2    | Bought a potion of cancellation for 120 gold pieces
 43081 | D:13     | Bought a potion of invisibility for 128 gold pieces
 43081 | D:13     | Bought a potion of cancellation for 128 gold pieces
 43081 | D:13     | Bought a potion of heal wounds for 80 gold pieces
 43081 | D:13     | Bought a potion of brilliance for 64 gold pieces
 43308 | Swamp:1  | Entered Level 1 of the Swamp
 44439 | Swamp:2  | Reached skill level 11 in Fighting
 45099 | Swamp:2  | Noticed Nikola
 45179 | Swamp:2  | Killed Nikola
 46171 | Swamp:3  | Reached skill level 12 in Fighting
 46475 | Swamp:3  | Noticed Jorgrun
 46475 | Swamp:3  | Noticed a thorn hunter
 46901 | Swamp:3  | Killed a thorn hunter
 47041 | Swamp:3  | Noticed Kirke
 47057 | Swamp:3  | Reached XP level 17. HP: 106/106 MP: 40/40
 47244 | Swamp:3  | Killed Kirke
 47597 | Swamp:3  | Killed Jorgrun
 47597 | Swamp:3  | Reached skill level 10 in Invocations
 47703 | Swamp:3  | Reached skill level 16 in Conjurations
 48007 | Swamp:4  | Entered Level 4 of the Swamp
 48815 | Swamp:4  | Reached skill level 11 in Invocations
 49200 | Swamp:4  | Reached skill level 12 in Invocations
 49575 | Swamp:4  | Got a decaying rune of Zot
 50519 | Snake:1  | Entered Level 1 of the Snake Pit
 50964 | Snake:1  | Reached skill level 13 in Invocations
 51043 | Snake:1  | Noticed Aizul
 51209 | Snake:1  | Killed Aizul
 51351 | Snake:1  | Received a gift from Sif Muna
 51362 | Snake:1  | Identified Sif Muna's Almanac of Battle Magic (Sif Muna gifted it to you on level 1 of the Snake Pit)
 51871 | Snake:2  | Found Relerho's Weapon Boutique.
 51993 | Snake:2  | Reached skill level 18 in Spellcasting
 52480 | Snake:2  | Reached skill level 14 in Invocations
 52944 | Snake:2  | Reached XP level 18. HP: 112/112 MP: 42/42
 54314 | Snake:3  | Reached skill level 19 in Spellcasting
 54401 | Snake:4  | Entered Level 4 of the Snake Pit
 54711 | Snake:4  | Found a stormy altar of Qazlal.
 55277 | Snake:4  | Reached skill level 20 in Spellcasting
 55321 | Snake:4  | Noticed Saint Roka
 55416 | Snake:4  | Received a gift from Sif Muna
 55417 | Snake:4  | Identified Sif Muna's Handbook of Conjuration and the Volcanoes (Sif Muna gifted it to you on level 4 of the Snake Pit)
 55526 | Snake:4  | Killed Saint Roka
 56460 | Snake:4  | Reached skill level 17 in Conjurations
 57697 | Snake:4  | Reached skill level 13 in Dodging
 57886 | Snake:4  | Reached XP level 19. HP: 117/117 MP: 38/45
 58345 | Snake:4  | Got a serpentine rune of Zot
 58696 | Snake:4  | Reached skill level 13 in Fighting
 59083 | Elf:1    | Entered Level 1 of the Elven Halls
 59085 | Elf:1    | Reached skill level 14 in Dodging
 59505 | Elf:1    | Found an ancient bone altar of Kikubaaqudgha.
 59901 | Elf:1    | Reached skill level 11 in Fire Magic
 60066 | Elf:1    | Identified Mefenain's Incunabulum of Unholy Rituals (You found it on level 1 of the Elven Halls)
 60363 | Elf:1    | Received a gift from Sif Muna
 60372 | Elf:1    | Learned a level 6 spell: Bolt of Fire
 60681 | Elf:2    | Found Wiwyri's Antique Armour Emporium.
 60745 | Elf:2    | Bought a pair of glowing boots for 162 gold pieces
 60745 | Elf:2    | Bought an embroidered cloak for 162 gold pieces
 61044 | Elf:2    | Reached skill level 12 in Fire Magic
 61540 | Elf:2    | Found a runed door.
 61589 | Elf:2    | Found a runed door.
 61672 | Elf:2    | Reached skill level 15 in Dodging
 61697 | Elf:3    | Entered Level 3 of the Elven Halls
 61750 | Elf:3    | Found Uweuc's Gadget Shop.
 61973 | Elf:3    | Found Tese's Jewellery Emporium.
 61975 | Elf:3    | Found Dises's Book Shoppe.
 62756 | Elf:3    | Reached skill level 16 in Dodging
 62868 | Elf:3    | Reached XP level 20. HP: 124/124 MP: 46/46
 63034 | Elf:3    | Reached skill level 17 in Dodging
 63174 | Elf:3    | Got a shimmering copper ring
 63189 | Elf:3    | Identified the ring "Zaitet" {Ice rPois MP-9 Str+4 Int+3 Dex+3} (You took it off a deep elf annihilator on level 3 of the Elven Halls)
 63304 | Elf:3    | Reached skill level 18 in Dodging
 63325 | Elf:3    | Got an ancient pewter amulet
 63337 | Elf:3    | Identified Coherghuf's Collected Works on Frigorific Malediction (You found it on level 3 of the Elven Halls)
 63348 | Elf:3    | Identified the amulet "Mosydgh" {+Rage Str+3} (You found it on level 3 of the Elven Halls)
 63797 | Elf:3    | Got a slimy silver ring
 63807 | Elf:3    | Identified the Tome of Warped Evil Secrets (You found it on level 3 of the Elven Halls)
 63830 | Elf:3    | Got a vibrating copper ring
 64076 | Elf:3    | Identified the ring of Zoguikka {-Tele +Inv Int-4 Dex+5 Slay+2} (You took it off a deep elf sorcerer on level 3 of the Elven Halls)
 64078 | Elf:3    | Identified the ring of Ycan {rPois rF+ Dex+3} (You took it off a deep elf annihilator on level 3 of the Elven Halls)
 64151 | Elf:2    | Bought a helmet for 162 gold pieces
 64353 | D:6      | Bought a hardcover book for 315 gold pieces
 64364 | D:6      | Bought a paperback book for 315 gold pieces
 64562 | Vaults:1 | Entered Level 1 of the Vaults
 65390 | Vaults:1 | Reached skill level 13 in Fire Magic
 66433 | Vaults:1 | Received a gift from Sif Muna
 66433 | Vaults:1 | Reached skill level 14 in Fire Magic
 66434 | Vaults:1 | Identified Sumoumapp's Incunabulum of Boosts and Dislocation (Sif Muna gifted it to you on level 1 of the Vaults)
 66881 | Vaults:1 | Quit the game

Vault maps used:
D:1:      minmay_arrival_widening_spiral_wide
D:2:      lemuel_doored_altar
D:3:      uniq_jessica, uniq_crazy_yiuf_cottage, uniq_terence
D:4:      minmay_goblin_kobold_castle, first_bread, uniq_edmund, uniq_menkaure
D:5:      lemuel_round_altar, uniq_grinder
D:6:      basic_altar, serial_shops, nicolae_shop_overgrown_old_shop
D:7:      grunt_temple_overflow_open, minmay_temple_entry_trees
D:8:      minitemple
D:9:      grunt_temple_overflow_gold_and_silver
D:11:     minmay_ice_pillars, dpeg_oklobed_lair,
          portal_ice_cave_entry_pillars_01, serial_shops,
          nicolae_shop_temple_entry_statues_fountains, nicolae_shop_stone,
          shop_statue, nicolae_shop_behind_doors, shop
D:12:     orc_0_dummy, hangedman_little_slice_of_home
D:13:     serial_shops, shop_statue, special_room, uniq_azrael
D:14:     erik_vaults_1, enter_bailey_1, zin_angel
D:15:     grunt_enter_depths_hoard, guppyfry_shop_blood
Temple:   chambers_temple_12
Lair:1:   minmay_lair_oklob_tunnel, lemuel_fruit_fields, uniq_fannar
Lair:2:   special_room, grunt_forest_large_clearings, uniq_harold
Lair:3:   kennysheep_basilisk_garden, infiniplex_staircase_pool_2,
          lemuel_fruit_fields
Lair:4:   beast_lair_carwin_4, infiniplex_staircase_pool, grunt_megastairs_2
Lair:5:   minmay_snake_entry_guardpost_medium, enter_volcano_3
Lair:6:   swamp_mist_pool, grunt_megastairs_4, serial_bayou_shore_a
Lair:7:   slime_altar_2, grunt_megastairs_5
Lair:8:   hangedman_lair_in_review, hangedman_lair_caniforms_friends,
          special_room, nicolae_lair_yak_garden
Swamp:1:  hangedman_swamp_lotus
Swamp:2:  nicolae_swamp_very_dense_foliage, swamp_pool4, hangedman_swamp_dais,
          uniq_louise, uniq_nikola
Swamp:3:  serial_swamp_ruin, hangedman_swamp_ruin_hall,
          evilmike_swamp_ruin_house_1, uniq_jorgrun, uniq_kirke
Swamp:4:  swamp
Snake:1:  uniq_aizul
Snake:2:  serial_shops, shop
Snake:3:  nicolae_snake_squiggles
Snake:4:  snake_pit_salamanders_mu, basic_altar, st_stairs_2,
          grunt_megastairs_3, uniq_saint_roka
Orc:2:    grunt_orc_community_town_hall, grunt_orc_community_big_house_2,
          grunt_orc_community_big_house_2, grunt_orc_community_house_3,
          grunt_orc_community_house_3, grunt_orc_community_house_1,
          grunt_orc_community_house_2, serial_shops, shop
Elf:1:    minmay_elf_arrival_circle, minmay_elf_necromancy, lemuel_statue_altar,
          grunt_megastairs_1
Elf:2:    serial_shops, nicolae_shop_stone
Elf:3:    nooodl_elf_gasket, serial_shops, nicolae_shop_crystal, shop, shop
Vaults:1: grunt_vaults_funneled_arena, ontoclasm_vaults_claustrophobia,
          v_misc_28, hangedman_vaults_variations, vaults_room_semicircle,
          hangedman_vaults_nodes, hangedman_vaults_nails, vaults_dpeg_hooks
Bailey:   bailey_axe_of_yendor_kennysheep, bailey
IceCv:    ice_cave_tombish
Volcano:  volcano_aerie

Vanquished Creatures
  Saint Roka Nikola Jorgrun
  3 deep elf blademasters
  4 deep elf master archers Kirke
  A thorn hunter
  11 greater nagas
  A vault warden
  10 deep elf sorcerers
  An orc warlord Aizul
  7 deep elf elementalists
  The ghost of anything the Peltast, a journeyman OpHu of Gozag
  2 ironheart preservers
  2 stone giants
  The ghost of YrmMerkstave the Blocker, a journeyman MiFi of Cheibriados
  2 green draconians
  7 deep elf demonologists Azrael
  10 deep elf annihilators
  2 yaktaur captains
  5 deep elf death magi Harold
  2 fire dragons
  2 great orbs of eyes
  5 deep elf high priests Fannar
  A rakshasa
  31 hydras
  16 naga warriors
  2 catoblepae
  An ice dragon
  The ghost of glosham the Martial Artist, a journeyman KoMo of Kikubaaqudgha
  6 alligators
  3 ghost crabs
  An anaconda (shapeshifter)
  A death knight
  6 centaur warriors
  2 ogre magi
  16 dancing weapons
  20 anacondas
  8 death yaks
  2 orc high priests
  11 naga sharpshooters
  12 shock serpents
  6 deep elf knights
  A spriggan
  4 salamander mystics
  3 spriggan druids
  7 skeletal warriors
  6 lindwurms
  9 swamp dragons
  7 orc knights
  An ironbrand convoker
  3 hill giants
  7 deep elf archers
  6 necromancers
  12 naga ritualists
  2 wizards
  3 shambling mangroves
  8 orc sorcerers
  3 cyclopes
  8 oklob plants
  20 ugly things
  20 mana vipers
  3 griffons
  A wolf spider zombie
  3 manticores
  39 deep elf magi
  4 hornets
  7 salamanders
  7 ice statues
  8 elephants
  5 guardian serpents
  A centaur zombie
  43 black mambas
  5 vault sentinels
  19 naga magi
  3 molten gargoyles
  A torpor snail
  18 spiny frogs
  3 large abominations
  5 gargoyles
  An efreet
  10 yaktaurs
  2 redback zombies
  10 komodo dragons
  2 freezing wraiths
  12 fire drakes
  A queen bee
  An ice devil
  9 polar bears
  9 trolls
  7 two-headed ogres
  20 slime creatures
  3 giant leeches
  2 raiju Grinder
  22 blink frogs
  6 bog bodies
  A boulder beetle
  4 water elementals
  5 shadows
  8 fire elementals
  2 wraiths
  9 wyverns
  79 yaks
  3 air elementals
  3 vampires
  4 hogs
  18 basilisks
  16 hippogriffs
  23 vampire mosquitoes
  A basilisk (shapeshifter)
  A hungry ghost Menkaure
  A mottled dragon
  23 wolves
  7 insubstantial wisps
  20 water moccasins
  12 wargs Edmund
  10 hell hounds
  35 nagas
  21 swamp worms
  12 porcupines
  18 swamp drakes
  14 black bears
  2 sky beasts
  2 eyes of draining
  16 ice beasts
  59 orc warriors
  9 wasps
  2 phantoms
  2 necrophages
  18 ogres
  16 centaurs
  22 crocodiles
  8 big kobolds
  An earth elemental
  30 giant frogs
  A glowing shapeshifter simulacrum
  An ogre simulacrum
  2 wyvern zombies
  A wyvern skeleton
  A water moccasin zombie
  4 scorpions
  23 killer bees
  An orc simulacrum
  7 wights
  5 electric eels
  5 crimson imps
  4 giant frog zombies
  A human simulacrum
  3 quasits
  28 orc priests
  9 jellies
  31 orc wizards Crazy Yiuf
  4 giant frog skeletons
  17 hounds
  2 centaur skeletons Terence Jessica
  14 iguanas
  7 worker ants
  21 sheep
  A hound zombie
  A worker ant zombie
  16 gnolls
  77 river rats
  11 adders
  A naga simulacrum
  A shadow imp
  5 oozes
  An adder skeleton
  An adder zombie
  4 worms
  4 giant geckos
  120 orcs
  6 giant cockroaches
  15 goblins
  11 hobgoblins
  10 jackals
  A quokka
  2 ball pythons
  8 bats
  6 giant newts
  A jackal skeleton
  49 kobolds
  9 rats
  2 crawling corpses
  2 fire vortices
  32 fungi
  49 plants
1836 creatures vanquished.
